 Dungeon Crawl Stone Soup version 0.30-b1-2-g02819fbbbe (webtiles) character file.

Game seed: 70820624426265100

569 Mesmaeker13 the Chiller (level 6, -3/45 HPs)
             Began as a Demigod Ice Elementalist on July 6, 2023.
             Slain by a sleepcap (17 damage)
             ... on level 5 of the Dungeon.
             The game lasted 00:07:00 (4255 turns).

Mesmaeker13 the Chiller (Demigod Ice Elementalist)  Turns: 4255, Time: 00:07:01

Health: -3/45      AC:  3    Str: 13    XL:     6   Next: 86%
Magic:  7/14       EV:  2    Int: 21    God:
Gold:   162        SH:  0    Dex: 14    Spells: 4/12 levels left

rFire   . . .        f - +3 short sword (elec)
rCold   . . .        (no shield)
rNeg    . . .        a - +0 robe
rPois   .            o - +0 helmet
rElec   .            (no cloak)
rCorr   .            (no gloves)
SInv    .            (no boots)
Will    .....        r - amulet of the acrobat
Stlth   ++           (no ring)
HPRegen 0.27/turn    (no ring)
MPRegen 0.14/turn

%: acrobat
@: sleeping, freezing walls
A: high MP 1, forlorn, divine attributes
a: no special abilities


You were on level 5 of the Dungeon.
You visited 1 branch of the dungeon, and saw 5 of its levels.

You collected 162 gold pieces.

Inventory:

Hand Weapons
 f - a +3 short sword of electrocution (weapon)
Missiles
 h - 6 javelins
 p - 2 poisoned darts (quivered)
Armour
 a - a +0 robe (worn)
 o - a +0 helmet (worn)
 s - a +2 ring mail of cold resistance
Jewellery
 r - an amulet of the acrobat (around neck)
Scrolls
 c - 2 scrolls of vulnerability
 g - 2 scrolls of teleportation
 i - a scroll of fear {unknown}
 j - a scroll of fog {unknown}
 m - a scroll of identify
 q - a scroll of poison
 t - a scroll of blinking {unknown}
Potions
 b - a potion of magic
 d - a potion of ambrosia {unknown}
 e - a potion of degeneration
 k - a potion of resistance
 l - 2 potions of heal wounds
 n - a potion of curing


   Skills:
 + Level 3.3 Throwing
 + Level 1.6 Armour
 - Level 2.2 Dodging
 - Level 1.7 Stealth
 + Level 3.8 Spellcasting
 + Level 5.2 Ice Magic


You had 4 spell levels left.
You knew the following spells:

 Your Spells              Type           Power      Damage    Failure   Level
a - Freeze                Ice            100%       1d10      1%          1
b - Frozen Ramparts       Ice            52%        1d8       4%          3
c - Summon Ice Beast      Ice/Summ       15%        N/A       38%         4

Your spell library contained the following spells:

 Spells                   Type           Power      Damage    Failure   Level
 Ozocubu's Armour         Ice            26%        N/A       4%          3
 Slow                     Hex            16%        N/A       12%         1
 Scorch                   Fire           8%         2d5       19%         2
 Confusing Touch          Hex            4%         N/A       36%         3
 Vampiric Draining        Necr           4%         2d6       36%         3
 Flame Wave               Conj/Fire      4%         2d5       77%         4
 Blade Hands              Tmut           2%         N/A       98%         5
 Irradiate                Conj/Tmut      2%         3d12      98%         5
 Summon Cactus Giant      Summ           2%         N/A       100%        6
 Dragon Form              Tmut           2%         N/A       100%        7


Dungeon Overview and Level Annotations

Branches:
Dungeon (5/15)
 Temple: D:4-7

Shops:
D:2 :**   D:3 :

Annotations:
D:3 3 runed translucent doors, LordXaan's ghost, amateur DECj
D:4 4 exclusions, Sigmund


Innate Abilities, Weirdness & Mutations

You have an increased reservoir of magic. (+10% MP)
You shall have no god before yourself.
Your divine heritage dramatically boosts your attributes as you level up.


Message History

Casting: Freeze (safe; 1% risk of failure)
Confirm with . or Enter, or press ? or * to list all spells.
Aiming: Freeze (safe; 1% risk of failure)
Press: ? - help, Shift-Dir - straight line, f/p - ogre
Aim: an ogre, wielding a +0 giant club (severely wounded)
You freeze the ogre.
The ogre is almost dead.
The wall freezes the ogre.
The ogre closely misses you.
Unknown command.
Unknown command.
Casting: Freeze (safe; 1% risk of failure)
Confirm with . or Enter, or press ? or * to list all spells.
Aiming: Freeze (safe; 1% risk of failure)
Press: ? - help, Shift-Dir - straight line, f/p - ogre
Aim: an ogre, wielding a +0 giant club (almost dead)
You freeze the ogre.
The ogre is almost dead.
The wall freezes the sleepcap but does no damage.
Casting: Freeze (safe; 1% risk of failure)
Confirm with . or Enter, or press ? or * to list all spells.
Aiming: Freeze (safe; 1% risk of failure)
Press: ? - help, Shift-Dir - straight line, f/p - ogre
Aim: an ogre, wielding a +0 giant club (almost dead)
You freeze the ogre.
You kill the ogre!
The wall freezes the sleepcap but does no damage.
Unknown command.
Casting: Freeze (safe; 1% risk of failure)
Confirm with . or Enter, or press ? or * to list all spells.
Aiming: Freeze (safe; 1% risk of failure)
Press: ? - help, Shift-Dir - straight line, f - sleepcap
Aim: a sleepcap You freeze the sleepcap.
The sleepcap is lightly damaged.
The wall freezes the sleepcap but does no damage.
The sleepcap releases spores at you.
You are engulfed in a cloud of soporific spores!
You fall asleep.
The wall freezes the sleepcap.
The sleepcap releases spores at you!
You die...

#....#......#
#.
#.###.#####.#
## #.# #.# #.#
### #.# #.# #.#
#.. #.# #.# #.#
#.# #.# #.# #.#
#.# #.#
#.#####.###.###
#.# ..#
#.......f......
#<#
######.@###.###
#.# #.)# #.#
#..# #.# #..#
#.# #.[. #.#
#..# #.# #..#
#.# #..# #..#


You could see a sleepcap.

Vanquished Creatures
  A black bear (D:5)
  An ogre (D:5)
  3 hounds
  An orc priest (D:4)
  A sleepcap (D:5)
  2 iguanas
  An orc wizard (D:4)
  Robin (D:3)
  4 adders
  A shadow imp (D:5)
  A worm (D:2)
  5 dart slugs
  14 orcs (D:4)
  6 endoplasms
  2 giant cockroaches (D:1)
  15 goblins
  6 hobgoblins
  8 jackals (D:2)
  2 kobolds
  2 quokkas
  5 ball pythons
  7 bats
  2 frilled lizards
  3 rats
94 creatures vanquished.

Notes
Turn   | Place    | Note
-------+----------+-------------------------------------------
     0 | D:1      | Mesmaeker13 the Demigod Ice Elementalist began the quest
                  | for the Orb.
     0 | D:1      | Reached XP level 1. HP: 14/14 MP: 5/5
   299 | D:1      | Reached XP level 2. HP: 20/20 MP: 4/7
   892 | D:2      | Found Nusim's General Store.
   969 | D:2      | Reached XP level 3. HP: 26/26 MP: 7/9
   975 | D:2      | Reached skill level 4 in Ice Magic
  1093 | D:2      | Found Xeorysar's Book Shoppe.
  1216 | D:2      | Reached skill level 1 in Throwing
  1657 | D:2      | Found Pazxu Zuliz's Assorted Antiques.
  1965 | D:3      | Learned a level 3 spell: Frozen Ramparts
  2003 | D:3      | Noticed Robin
  2017 | D:3      | Reached XP level 4. HP: 33/33 MP: 3/10
  2025 | D:3      | Killed Robin
  2315 | D:3      | Found a runed translucent gate.
  2316 | D:3      | Found a runed translucent gate.
  2316 | D:3      | Noticed LordXaan's ghost (amateur DECj)
  2317 | D:3      | Found a runed translucent gate.
  2357 | D:3      | Found Eqae's Vocational Training.
  2813 | D:4      | Noticed Sigmund
  2820 | D:4      | Learned a level 4 spell: Summon Ice Beast
  3180 | D:4      | Noticed a centaur
  3247 | D:4      | Noticed a centaur
  3306 | D:4      | Reached XP level 5. HP: 38/38 MP: 5/12
  3715 | D:5      | Entered Level 5 of the Dungeon
  3715 | D:5      | Noticed an ogre
  3716 | D:5      | Noticed a black bear
  3991 | D:5      | Reached XP level 6. HP: 45/45 MP: 6/14
  4100 | D:5      | Reached skill level 5 in Ice Magic
  4143 | D:5      | Reached skill level 1 in Armour
  4255 | D:5      | Slain by a sleepcap

Illustrated notes

Levels and vault maps discovered:
D:1:      dpeg_arrival_round_a, layout_rooms
D:2:      layout_basic, serial_shops, nicolae_shop_tiny_waterfront,
          nicolae_shop_tiny_real_fake_doors, nicolae_shop_window_shopping,
          nicolae_underground_beach
D:3:      layout_loops_cross, nicolae_overflow_hidden_temple,
          hellmonk_ecumenical_altar_run_dry, gammafunk_ghost_split,
          chequers_garden, minmay_misc_feat_diagonals, nicolae_shop_vocational,
          uniq_robin
D:4:      layout_cave_pods, minmay_manual_mares, uniq_sigmund
D:5:      layout_loops_ring, uniq_grinder

Skill      XL: |  1  2  3  4  5  6 |
---------------+-------------------+-----
Dodging        | 2 |  2.2
Spellcasting   | 2 3 |  3.8
Ice Magic      | 4 5 |  5.2
Throwing       | 1 2 3 |  3.3
Armour         | 1 |  1.6
Stealth        | |  1.7

Action                     |  1- 3 |  4- 6 || total
---------------------------+-------+-------++-------
  Melee: Dagger            |     4 |     1 ||     5
         Short sword       |       |    14 ||    14
  Throw: Dart              |       |     2 ||     2
   Cast: Freeze            |    81 |    38 ||   119
         Frozen Ramparts   |     1 |    10 ||    11
    Use: Scroll            |     1 |     5 ||     6
         Potion            |     1 |       ||     1
   Stab: Sleeping          |       |     1 ||     1
 Armour: Robe              |    14 |     3 ||    17
  Dodge: Dodged            |    46 |    29 ||    75
